 Dungeon Crawl Stone Soup version 0.30-a0-758-gc2c871d025 (webtiles) character file.

Game seed: 10681173123112590119

1 Rrauwl the Shooter (level 1, 0/12 HPs)
             Began as a Deep Elf Hunter on Feb 10, 2023.
             Frozen to death by an endoplasm (2 damage)
             ... on level 1 of the Dungeon.
             The game lasted 00:00:21 (19 turns).

Rrauwl the Shooter (Deep Elf Hunter)                  Turns: 19, Time: 00:00:21

Health: 0/12       AC:  3    Str:  8    XL:     1   Next: 16%
Magic:  3/3        EV: 12    Int: 13    God:
Gold:   0          SH:  0    Dex: 18    Spells: 0/0 levels left

rFire   . . .      SeeInvis .    a - +0 shortbow
rCold   . . .      Faith    .    (shield currently unavailable)
rNeg    . . .      Spirit   .    c - +0 leather armour
rPois   .          Reflect  .    (no helmet)
rElec   .          Harm     .    (no cloak)
rCorr   .          Rampage  .    (no gloves)
Will    .....                    (no boots)
Stlth   ++                       (no amulet)
HPRegen 0.22/turn                (no ring)
MPRegen 0.08/turn                (no ring)

@: no status effects
A: no striking features
a: no special abilities


You were on level 1 of the Dungeon.
You visited 1 branch of the dungeon, and saw 1 of its levels.

Inventory:

Hand Weapons
 a - a +0 shortbow (weapon)
Armour
 c - a +0 leather armour (worn)
Scrolls
 b - a scroll of immolation


   Skills:
 + Level 1.6 Fighting
 + Level 5.3 Ranged Weapons
 + Level 2.4 Dodging
 + Level 1.3 Stealth


You couldn't memorise any spells.
You didn't know any spells.
Your spell library was empty.

Dungeon Overview and Level Annotations

Branches:
Dungeon (1/15)

Altars:


Message History

You shoot an arrow. The arrow barely misses the quokka.
The quokka bites you but does no damage.
You shoot an arrow. The arrow hits the quokka.
The quokka is heavily wounded.
The quokka bites you but does no damage.
The quokka bites you.
You shoot an arrow.
The arrow hits the quokka but does no damage.
The quokka is heavily wounded.
The quokka closely misses you.
You shoot an arrow. The arrow closely misses the quokka.
The quokka bites you.
The endoplasm hits you but does no damage.
The quokka barely misses you.
You shoot an arrow. The arrow hits the quokka.
The quokka is almost dead.
The endoplasm completely misses you.
The quokka bites you but does no damage.
The endoplasm freezes you.
You are frozen.
You are too injured to fight recklessly!
You are too injured to fight recklessly!
You are too injured to fight recklessly!
You are too injured to fight recklessly!
You are too injured to fight recklessly!
The endoplasm attacks as you move away! The endoplasm hits you.
The quokka attacks as you move away! The quokka bites you.
* * * LOW HITPOINT WARNING * * *
Fire: a) +0 shortbow
Press: ? - help, Q - select action Shift-Dir - straight line, f/p - quokka
Aim: a quokka (almost dead, 53% to hit)
You shoot an arrow. The arrow hits the quokka.
You kill the quokka!
Fire: a) +0 shortbow
Press: ? - help, Q - select action Shift-Dir - straight line, f - endoplasm
Aim: an endoplasm (87% to hit)
You shoot an arrow.
The arrow hits the endoplasm but does no damage.
The endoplasm freezes you.
You are frozen.
You die...

. .# #.# ...
#.#### #......
####.......
#.@J.......
#####'######...
#.........#
##....^....##
#8.........8#
#...8...8...#
#8.........8#
##.........##
####8<8####


You could see an endoplasm.

Vanquished Creatures
  A quokka (D:1)
1 creature vanquished.

Notes
Turn   | Place    | Note
-------+----------+-------------------------------------------
     0 | D:1      | Rrauwl the Deep Elf Hunter began the quest for the Orb.
     0 | D:1      | Reached XP level 1. HP: 12/12 MP: 3/3
    19 | D:1      | Frozen to death by an endoplasm

Illustrated notes

Levels and vault maps discovered:
D:1:      mrwooster_arrival_statue_3, layout_rooms

Action                     || total
---------------------------++-------
   Fire: Shortbow          ||     9
 Armour: Leather armour    ||     4
  Dodge: Dodged            ||     3

Table legend: (Time is in decaauts)
 A = Elapsed time spent in this place.
 B = Non-inter-level travel time spent in this place.
 C = Inter-level travel time spent in this place.
 D = Time resting spent in this place.
 E = Time spent auto-exploring this place.
 F = Levels seen in this place.
 G = Mean time per level.
                   A        B        C        D        E       F      G
               +--------+--------+--------+--------+--------+-----+--------+
         Total |     21 |     21 |      0 |      0 |      9 |   1 |   21.0 |
       Dungeon |     21 |     21 |      0 |      0 |      9 |   1 |   21.0 |
               +--------+--------+--------+--------+--------+-----+--------+

Top non-repeatable levels by time:
     D:1: 21 daAuts
